 Dungeon Crawl Stone Soup version 0.23-a0-398-g8eab93f (webtiles) character file.

52 Ijustatesigmund the Magician (level 3, -1/25 HPs)
             Began as a Gnoll Wizard on Nov 3, 2018.
             Killed from afar by Sigmund (11 damage)
             ... with a puff of flame
             ... on level 2 of the Dungeon.
             The game lasted 00:02:36 (1585 turns).

Ijustatesigmund the Magician (Gnoll Wizard)         Turns: 1585, Time: 00:02:37

Health: -1/25      AC:  3    Str:  9    XL:     3   Next: 85%
Magic:  1/11       EV: 13    Int: 21    God:
Gold:   34         SH:  0    Dex: 13    Spells: 10/16 levels left

rFire    . . .     SeeInvis .   c - +0 short sword
rCold    . . .     Gourm    .   (no shield)
rNeg     . . .     Faith    .   a - +0 leather armour
rPois    .         Spirit   .   b - +0 hat
rElec    .         Reflect  .   (no cloak)
rCorr    .         Harm     .   (no gloves)
MR       .....                  (no boots)
Stlth    ++........             (no amulet)
HPRegen  0.08/turn              (no ring)
MPRegen  0.12/turn              (no ring)

@: no status effects
A: distributed training, fangs 1, strong nose
a: no special abilities


You were on level 2 of the Dungeon.
You were hungry.

You visited 1 branch of the dungeon, and saw 2 of its levels.

You collected 34 gold pieces.

Inventory:

Hand Weapons
 c - a +0 short sword (weapon)
Armour
 a - a +0 leather armour (worn)
 b - a +0 hat (worn)
 i - a cursed +0 chain mail
Scrolls
 e - a scroll of remove curse
 j - a scroll of enchant weapon {unknown}
Potions
 f - a potion of resistance {unknown}
 g - a potion of heal wounds {unknown}
 k - 2 potions of invisibility {unknown}
Comestibles
 d - 5 rations


   Skills:
 + Level 0.9 Fighting
 + Level 0.9 Short Blades
 + Level 0.9 Long Blades
 + Level 0.9 Axes
 + Level 0.9 Maces & Flails
 + Level 0.9 Polearms
 + Level 0.9 Staves
 + Level 0.9 Slings
 + Level 0.9 Bows
 + Level 0.9 Crossbows
 + Level 0.9 Throwing
 + Level 0.9 Armour
 + Level 4.5 Dodging
 + Level 4.2 Stealth
 + Level 0.9 Shields
 + Level 0.9 Unarmed Combat
 + Level 7.1 Spellcasting
 + Level 2.1 Conjurations
 + Level 0.6 Hexes
 + Level 0.6 Charms
 + Level 2.1 Summonings
 + Level 0.6 Necromancy
 + Level 2.1 Translocations
 + Level 0.6 Transmutations
 + Level 0.6 Fire Magic
 + Level 0.6 Ice Magic
 + Level 0.6 Air Magic
 + Level 0.6 Earth Magic
 + Level 0.6 Poison Magic
 + Level 1.0 Invocations
 + Level 0.9 Evocations


You had 10 spell levels left.
You knew the following spells:

 Your Spells              Type           Power        Failure   Level  Hunger
a - Magic Dart            Conj           ###.         4%          1    None
b - Blink                 Tloc           N/A          8%          2    None
c - Mephitic Cloud        Conj/Pois/Air  ##......     22%         3    None

Your spell library contained the following spells:

 Spells                   Type           Power        Failure   Level  Hunger
 Call Imp                 Summ           ###.....     8%          2    None
 Slow                     Hex            ##......     14%         2    None
 Conjure Flame            Conj/Fire      ##......     21%         3    None


Dungeon Overview and Level Annotations

Branches:
Dungeon (2/15)

Altars:
Dithmenos
Elyvilon

Annotations:
D:2 Sigmund


Innate Abilities, Weirdness & Mutations

Your experience applies equally to all skills.
You have very sharp teeth.
Your uncanny sense of smell can sniff out nearby items.


Message History

Sigmund hits you from afar with a +2 scythe of flaming!
Sigmund burns you.
Casting: Magic Dart (safe; 4% risk of failure)
Confirm with . or Enter, or press ? or * to list all spells.
You don't have enough magic to cast that spell.
Sigmund mumbles some strange words.
Sigmund flickers and vanishes!
Deactivating autopickup; reactivate with Ctrl-A.
A goblin comes into view. It is wielding a +0 club.
The goblin moves out of view.
As you read the scroll labeled ZYPPEDU PEITSO, it crumbles to dust.
You feel blessed for a moment.
It was a scroll of remove curse.
As you read the scroll labeled XODWUUHENU, it crumbles to dust.
The creatures around you are filled with an inner flame!
It was a scroll of immolation.
A rat comes into view.
Something hits you. Something burns you.
A puff of flame appears from out of thin air!
The puff of flame hits you!
You die...

#<...#.⌠.⌠.#.####r#
####.##.........#....#
...(.##.#.....#.#...#
#######........"#..#
#####..###{?[# ##.#
#.#.# .##.###.#.#
........[.#####
.......@.......
....###.######. .#.
#.# # #.# #.# #.# #.#
..#


There were no monsters in sight!

Vanquished Creatures
  3 dart slugs
  2 leopard geckos
  5 bats
  6 goblins
  4 hobgoblins
  4 jackals (D:1)
  9 kobolds
  A frilled lizard (D:1)
  8 rats
42 creatures vanquished.

Notes
Turn   | Place    | Note
-------+----------+-------------------------------------------
     0 | D:1      | Ijustatesigmund the Gnoll Wizard began the quest for the
                  | Orb.
     0 | D:1      | Reached XP level 1. HP: 13/13 MP: 8/8
   121 | D:1      | Reached XP level 2. HP: 18/19 MP: 2/10
   125 | D:1      | Learned a level 2 spell: Blink
   628 | D:1      | Reached XP level 3. HP: 25/25 MP: 8/11
  1293 | D:2      | Reached skill level 1 in Invocations
  1482 | D:2      | Learned a level 3 spell: Mephitic Cloud
  1512 | D:2      | Found a shadowy altar of Dithmenos.
  1543 | D:2      | Found a white marble altar of Elyvilon.
  1579 | D:2      | Noticed Sigmund
  1585 | D:2      | Killed from afar by Sigmund

Vault maps used:
D:1:      nagdon_arrival_double_spiral, hangedman_glass_teeth,
          minmay_pentomino_r2
D:2:      elyvilon_altar_5, nicolae_gozag_cash_rules_everything_around_me,
          nicolae_dithmenos_through_a_glass_darkly, uniq_sigmund

Skill      XL: |  1  2  3 |
---------------+----------+-----
Conjurations   | 2 |  2.1
Summonings     | 2 |  2.1
Translocations | 2 |  2.1
Invocations    | 1 |  1.0
Fighting       | |  0.9
Short Blades   | |  0.9
Long Blades    | |  0.9
Axes           | |  0.9
Maces & Flails | |  0.9
Polearms       | |  0.9
Staves         | |  0.9
Slings         | |  0.9
Bows           | |  0.9
Crossbows      | |  0.9
Throwing       | |  0.9
Armour         | |  0.9
Dodging        | |  4.5
Stealth        | |  4.2
Shields        | |  0.9
Unarmed Combat | |  0.9
Spellcasting   | |  7.1
Hexes          | |  0.6
Charms         | |  0.6
Necromancy     | |  0.6
Transmutations | |  0.6
Fire Magic     | |  0.6
Ice Magic      | |  0.6
Air Magic      | |  0.6
Earth Magic    | |  0.6
Poison Magic   | |  0.6
Evocations     | |  0.9

Action                   || total
-------------------------++-------
Melee: Short sword       ||    23
       Bite              ||     2
 Cast: Magic Dart        ||    73
  Use: Scroll            ||     2
  Eat: Chunk             ||     1
Armor: Leather armour    ||     3
       Robe              ||     2
Dodge: Dodged            ||    32

Table legend:
 A = Non-vault XP
 B = Vault XP
 C = Vault XP percentage of total XP
 D = Non-vault monster count
 E = Vault monster count
 F = Vault count percentage of total count
                 A         B        C        D         E       F
            +---------+---------+-------+---------+---------+-------
      Total |      72 |       3 |   4.0 |      40 |       2 |   4.8
            +---------+---------+-------+---------+---------+-------
        D:1 |      51 |       3 |   5.6 |      30 |       2 |   6.2
        D:2 |      21 |       0 |   0.0 |      10 |       0 |   0.0
            +---------+---------+-------+---------+---------+-------
